 Dungeon Crawl Stone Soup version 0.25-a0-632-g7713895373 (webtiles) character file.

Game seed: 15080649723484426926, levelgen mode: deterministic

17819 BattleRest the Cleaver (level 12, -6/99 HPs)
             Began as a Minotaur Fighter on Mar 19, 2020.
             Was a High Priest of Hepliaklqana.
             Mangled by a sixfirhy (7 damage)
             ... summoned by an obsidian statue
             ... in a Gauntlet.
             The game lasted 00:59:13 (12301 turns).

BattleRest the Cleaver (Minotaur Fighter)          Turns: 12301, Time: 00:59:13

Health: -6/99      AC: 14    Str: 26    XL:     12   Next: 22%
Magic:  7/7        EV:  7    Int:  5    God:    Hepliaklqana [*****.]
Gold:   746        SH: 19    Dex: 10    Spells: 10/11 levels left

rFire    . . .     SeeInvis .   E - +2 war axe (antimagic)
rCold    . . .     Gourm    .   c - +0 kite shield
rNeg     . . .     Faith    .   K - +0 plate armour
rPois    .         Spirit   .   (helmet restricted)
rElec    .         Reflect  +   u - +0 cloak
rCorr    .         Harm     .   A - +0 pair of gloves
MR       .....     NoTele   +   (no boots)
Stlth    ..........             q - +6 amulet of reflection
HPRegen  0.26/turn              v - ring of magical power
MPRegen  0.10/turn              y - ring of stealth

@: lethally poisoned (-6 -> -12), corroded, mesmerised
A: retaliatory headbutt, reduced essence, horns 2
a: Recall Ancestor, Ancestor Identity, Transference, Idealise, Renounce Religion


You were in a Gauntlet.
You worshipped Hepliaklqana.
Hepliaklqana was extremely pleased with you.
You were very hungry.

You visited 2 branches of the dungeon, and saw 13 of its levels.
You visited the Abyss 1 time.
You also visited: Ossuary and Gauntlet.

You collected 746 gold pieces.

Inventory:

Hand Weapons
 a - a +1 flail
 E - a +2 antimagic war axe (weapon)
Armour
 c - a +0 kite shield (worn)
 u - a +0 cloak (worn)
 A - a +0 pair of gloves (worn)
 C - a +1 ring mail of cold resistance
 K - a +0 plate armour (worn)
Jewellery
 q - a +6 amulet of reflection (around neck)
 v - a ring of magical power (left hand)
 y - a ring of stealth (right hand)
Wands
 b - a wand of paralysis (4)
 m - a wand of flame (58)
 z - a wand of acid (19)
 B - a wand of random effects (59)
 L - a wand of digging (3)
Scrolls
 e - 10 scrolls of remove curse
 j - a scroll of vulnerability {unknown}
 k - 2 scrolls of identify
 l - 3 scrolls of random uselessness {unknown}
 n - 2 scrolls of enchant weapon
 o - 7 scrolls of teleportation
 p - 2 scrolls of amnesia
 x - 2 scrolls of blinking
 D - a scroll of immolation {unknown}
 F - a scroll of fear
 H - 2 scrolls of fog {unknown}
 I - a scroll of magic mapping
 M - a scroll of enchant armour {unknown}
Potions
 d - 3 potions of might
 h - 2 potions of mutation
 i - 6 potions of flight
 r - a potion of ambrosia
 s - 6 potions of curing
 t - 2 potions of berserk rage
 w - 2 potions of cancellation {unknown}
 G - 2 potions of resistance
 J - 3 potions of brilliance
 N - a potion of lignification {unknown}
Comestibles
 f - 15 rations


   Skills:
 + Level 11.4 Fighting
 * Level 12.2(12.8) Axes
 - Level 6.5(10.3) Maces & Flails
 + Level 11.5 Armour
 + Level 11.4 Shields
 - Level 0.2 Transmutations
 - Level 4.3 Invocations


You had 10 spell levels left.
You knew the following spells:

 Your Spells              Type           Power        Failure   Level  Hunger
a - Beastly Appendage     Tmut           #.....       100%        1    ##.....

Your spell library contained the following spells:

 Spells                   Type           Power        Failure   Level  Hunger
 Freeze                   Ice            #...         100%        1    ##.....
 Sticks to Snakes         Tmut           #.......     100%        2    ###....
 Frozen Ramparts          Ice            #.....       100%        3    ####...
 Ozocubu's Armour         Chrm/Ice       #.......     100%        3    ####...
 Spider Form              Tmut/Pois      #.........   100%        3    ####...
 Hailstorm                Conj/Ice       #.......     100%        4    #####..
 Ice Form                 Ice/Tmut       #.......     100%        4    #####..
 Summon Ice Beast         Ice/Summ       #.......     100%        4    #####..
 Blade Hands              Tmut           #.........   100%        5    ######.


Dungeon Overview and Level Annotations

Branches:
Dungeon (12/15)            Temple (1/1) D:5            Lair (0/6) D:10
    Orc (0/2) D:12        Ossuary (visited)         Gauntlet (1/1)

Altars:
Elyvilon
Hepliaklqana
Kikubaaqudgha
Okawaru
Qazlal
Ru
Sif Muna
Wu Jian
Xom
Yredelemnul
The Shining One

Shops:
D:5 [   D:6 [   D:8 ?   D:11 [

Annotations:
Gauntlet 11 transporters, exclusions: ice statue, obsidian statue and orange crystal statue


Innate Abilities, Weirdness & Mutations

You reflexively headbutt those who attack you in melee.
You have a pair of horns on your head.
Your life essence is reduced to manifest your ancestor. (-10% HP)


Message History

You hit the orange demon but do no damage.
You hit the sixfirhy but do no damage.
* * * LOW HITPOINT WARNING * * *
You feel sick. You block the sixfirhy's attack.
The sixfirhy hits you but does no damage. x2
The quasit barely misses you. You furiously retaliate!
You headbutt the quasit, but do no damage.
You block the quasit's attack. x2; Something hits the withered plant.
The withered plant is destroyed!
The orange demon stings you but does no damage.
The orange demon hits you but does no damage.
The sixfirhy barely misses you. You furiously retaliate!
You headbutt the sixfirhy.
Unknown command.
You hit the quasit.
You kill the quasit!
You slash the orange demon! You miss the sixfirhy.
* * * LOW HITPOINT WARNING * * *
You feel sick. You block the sixfirhy's attack. The sixfirhy hits you!
You die...

##≈............≈∩§§.....
8#.......©.............©
#..###########...######
#..#.........#...#x....
###..#.P.P.PP..#.∩.#x#...
#8#..#.P#PPP#P.#...#..###
#..#.....PPP.#...#x.##.
#..#....©....#...#....©
###..#..@4§PPP.#...#..##.
#8#..#..#3PP#P.#...#..###
###..#....8.P..#...#.#...
#..#..}5©5!..#...#...!©
#..###########...######
8#.....#.©.#....≈.......
###...8.#...#...≈8≈......
#.....#.©.#....≈.......
#..###########...######


You could see an obsidian statue, an orange demon, a sixfirhy, a shadow imp and
an ufetubus.

Vanquished Creatures
  A tentacled starspawn (Abyss:1)
  2 hydras
  A thrashing horror (Abyss:1)
  An unseen horror (D:8)
  An ugly thing (D:11)
  A manticore (D:12)
  An oklob plant (D:10)
  Maurice (D:8)
  Psyche (D:8)
  A meliai zombie (D:12)
  3 hippogriffs
  A dream sheep (D:9)
  A large abomination (D:8)
  7 yaks
  2 wraiths
  2 humans (D:12)
  2 hungry ghosts
  An acid dragon (D:12)
  A warg (D:12)
  2 black bears
  3 orc warriors
  4 phantoms
  2 necrophages
  2 sky beasts
  An eye of draining (D:8)
  An ogre (D:5)
  4 centaurs
  A crocodile (D:11)
  A small abomination (Abyss:1)
  4 big kobolds
  4 bullfrogs
  2 scorpions
  6 killer bees (D:8)
  A howler monkey (D:10)
  2 crimson imps
  2 centaur zombies (Ossuary)
  5 hounds
  A quasit (D:11)
  5 orc priests
  2 bullfrog skeletons
  16 orc wizards
  5 jellies
  A centaur skeleton (D:5)
  3 iguanas
  Ijyb (D:5)
  6 worker ants
  2 ogre zombies (Ossuary)
  6 mummies (Ossuary)
  A worker ant zombie (D:8)
  3 gnolls (D:5)
  7 adders
  6 shadow imps
  An ooze (D:1)
  2 adder zombies (Ossuary)
  2 adder skeletons
  5 worms
  A dart slug (D:3)
  6 leopard geckos
  46 orcs
  4 bat zombies (D:8)
  7 giant cockroaches
  5 goblins
  5 hobgoblins
  12 jackals
  12 kobolds
  4 quokkas
  5 bats
  7 frilled lizards
  A goblin zombie (Ossuary)
  3 hobgoblin zombies (Ossuary)
  5 kobold zombies (Ossuary)
  A leopard gecko skeleton (D:4)
  3 orc zombies (Ossuary)
  3 quokka zombies (Ossuary)
  4 rats
  8 rat zombies
  A starspawn tentacle (Abyss:1)
  4 withered plants (Gauntlet)
300 creatures vanquished.

Vanquished Creatures (collateral kills)
  Harold (D:7)
  A two-headed ogre (D:11)
  An oklob plant (D:10)
  Joseph (D:8)
  A dream sheep (D:9)
  3 hippogriffs
  2 wyverns
  Eustachio (D:5)
  An orc warrior (D:6)
  A phantom (D:8)
  2 centaurs
  A big kobold (D:12)
  2 bullfrogs (D:6)
  A scorpion (D:7)
  2 howler monkeys
  3 crimson imps
  A centaur zombie (Ossuary)
  A hound (D:8)
  3 orc wizards
  A mummy (Ossuary)
  A gnoll (D:5)
  3 adders
  A shadow imp (D:5)
  An ooze (D:5)
  2 adder zombies
  4 orcs
  A jackal (D:3)
  A quokka (D:6)
  A frilled lizard (D:4)
  A hobgoblin zombie (Ossuary)
  8 kobolds
  A quokka zombie (Ossuary)
  A rat zombie (Ossuary)
56 creatures vanquished.

Vanquished Creatures (others)
  A human (D:12)
  2 centaurs
  5 hexers
  An orc (D:6)
  A kobold (D:12)
  An ancestor (D:3)
  2 starspawn tentacles (Abyss:1)
  2 withered plants (Gauntlet)
15 creatures vanquished.

Grand Total: 371 creatures vanquished

Notes
Turn   | Place    | Note
-------+----------+-------------------------------------------
     0 | D:1      | BattleRest the Minotaur Fighter began the quest for the
                  | Orb.
     0 | D:1      | Reached XP level 1. HP: 19/19 MP: 0/0
     6 | D:1      | Noticed a hog
     6 | D:1      | Noticed a lindwurm
     6 | D:1      | Noticed a redback
     6 | D:1      | Noticed a rime drake
     6 | D:1      | Noticed a crocodile
    98 | D:1      | Reached XP level 2. HP: 25/27 MP: 1/1
   689 | D:2      | Found a faded altar of an unknown god.
   704 | D:2      | Became a worshipper of Hepliaklqana the Forgotten
   704 | D:2      | Reached * piety under Hepliaklqana
   879 | D:2      | Reached XP level 3. HP: 29/29 MP: 2/2
  1453 | D:3      | Reached XP level 4. HP: 15/36 MP: 3/3
  2080 | D:3      | Reached XP level 5. HP: 42/42 MP: 4/4
  2105 | D:3      | Reached ** piety under Hepliaklqana
  2106 | D:3      | Remembered your ancestor Nomusa as a hexer
  2547 | D:3      | Found a glowing golden altar of the Shining One.
  2547 | D:3      | Found a white marble altar of Elyvilon.
  2576 | D:3      | Reached skill level 5 in Shields
  2651 | D:3      | Reached skill level 5 in Armour
  2878 | D:4      | Reached skill level 5 in Fighting
  2916 | D:4      | Reached XP level 6. HP: 46/50 MP: 5/5
  2963 | D:4      | Paralysed by you for 7 turns
  3539 | D:5      | Entered Level 5 of the Dungeon
  3563 | D:5      | Found Waraw's Armour Shoppe.
  3576 | D:5      | Noticed Eustachio
  3751 | D:5      | Found a staircase to the Ecumenical Temple.
  3762 | D:5      | Found an iron altar of Okawaru.
  3841 | D:5      | Reached *** piety under Hepliaklqana
  3858 | D:5      | Reached skill level 5 in Maces & Flails
  3858 | D:5      | Reached XP level 7. HP: 45/55 MP: 6/6
  3921 | D:5      | Paralysed by an orc for 6 turns
  3968 | D:5      | Found a basalt altar of Yredelemnul.
  4008 | Temple   | Entered the Ecumenical Temple
  4134 | D:5      | Killed Eustachio
  4379 | D:5      | Noticed Ijyb
  4394 | D:5      | Killed Ijyb
  4543 | D:5      | Found a stormy altar of Qazlal.
  4587 | D:5      | Reached XP level 8. HP: 63/63 MP: 7/7
  4689 | D:5      | Reached skill level 1 in Invocations
  4832 | D:6      | Found Ruusmiof's Antique Armour Emporium.
  5295 | D:6      | Reached skill level 1 in Axes
  5328 | D:6      | Noticed a hippogriff
  5336 | D:6      | Killed a hippogriff
  5336 | D:6      | Reached XP level 9. HP: 56/71 MP: 6/11
  5361 | D:6      | Reached skill level 2 in Axes
  5522 | D:6      | Learned a level 1 spell: Beastly Appendage
  5564 | D:6      | Found a shimmering blue altar of Sif Muna.
  5639 | D:6      | Found a shimmering altar of Xom.
  5683 | D:6      | Reached skill level 3 in Axes
  5917 | D:6      | Found an ornate altar of the Wu Jian Council.
  6082 | D:7      | Reached skill level 4 in Axes
  6248 | D:7      | Reached **** piety under Hepliaklqana
  6362 | D:7      | Reached skill level 5 in Axes
  6374 | D:7      | Noticed Harold
  6386 | D:7      | Killed Harold
  6386 | D:7      | Reached skill level 6 in Axes
  6386 | D:7      | Reached XP level 10. HP: 81/81 MP: 7/12
  7099 | D:8      | Noticed Joseph
  7110 | D:8      | Killed Joseph
  7149 | D:8      | Reached skill level 7 in Axes
  7156 | D:8      | Found Ziurarur's Magic Scroll Emporium.
  7197 | D:8      | Found a sand-covered staircase.
  7237 | Ossuary  | Entered an ossuary
  7684 | Ossuary  | Reached ***** piety under Hepliaklqana
  8202 | D:8      | Found a sacrificial altar of Ru.
  8207 | D:8      | Killed an unseen horror
  8207 | D:8      | Reached skill level 8 in Axes
  8468 | D:8      | Noticed Maurice
  8480 | D:8      | Killed Maurice
  8534 | D:8      | Noticed Psyche
  8543 | D:8      | Cast into level 1 of the Abyss (Psyche)
  8602 | Abyss:1  | Noticed a tentacled starspawn
  8611 | Abyss:1  | Killed a tentacled starspawn
  8611 | Abyss:1  | Reached skill level 10 in Fighting
  8611 | Abyss:1  | Reached skill level 9 in Axes
  8611 | Abyss:1  | Reached skill level 10 in Armour
  8611 | Abyss:1  | Reached skill level 10 in Shields
  8611 | Abyss:1  | Reached XP level 11. HP: 62/89 MP: 7/13
  8626 | Abyss:1  | Noticed a thrashing horror
  8636 | Abyss:1  | Killed a thrashing horror
  8707 | D:8      | Escaped the Abyss
  8719 | D:8      | Killed Psyche
  9069 | D:8      | Found an ancient bone altar of Kikubaaqudgha.
  9151 | D:9      | Reached skill level 10 in Axes
  9599 | D:9      | Noticed a three-headed hydra
  9608 | D:9      | Killed a four-headed hydra
  9968 | D:10     | Entered Level 10 of the Dungeon
  9968 | D:10     | Noticed an oklob plant
  9972 | D:10     | Noticed an oklob plant
 10217 | D:10     | Reached skill level 11 in Axes
 10559 | D:10     | Found a staircase to the Lair.
 10607 | D:10     | Killed an oklob plant
 10784 | D:10     | Killed an oklob plant
 11182 | D:11     | Noticed a green ugly thing
 11192 | D:11     | Killed a green ugly thing
 11402 | D:11     | Noticed a two-headed ogre
 11410 | D:11     | Killed a two-headed ogre
 11495 | D:11     | Found Bucwim's Antique Armour Boutique.
 11681 | D:12     | Reached XP level 12. HP: 99/99 MP: 7/14
 11745 | D:12     | Noticed a death yak
 11747 | D:12     | Noticed a death yak
 11748 | D:12     | Noticed a death yak
 11748 | D:12     | Noticed a death yak
 11796 | D:12     | Reached skill level 12 in Axes
 11810 | D:12     | Noticed an eight-headed hydra
 11823 | D:12     | Killed a nine-headed hydra
 11827 | D:12     | Found a staircase to the Orcish Mines.
 11842 | D:12     | Found a gate leading to a gauntlet.
 11851 | Gauntlet | Entered a Gauntlet
 11851 | Gauntlet | Found a transporter.
 11851 | Gauntlet | Found a transporter.
 12116 | Gauntlet | Found a transporter.
 12132 | Gauntlet | Found a transporter.
 12141 | Gauntlet | Found a transporter.
 12153 | Gauntlet | Found a transporter.
 12166 | Gauntlet | Found a transporter.
 12175 | Gauntlet | Found a transporter.
 12186 | Gauntlet | Found a transporter.
 12192 | Gauntlet | Found a transporter.
 12195 | Gauntlet | Found a transporter.
 12229 | Gauntlet | Found a transporter.
 12299 | Gauntlet | HP: 3/99 [sixfirhy[an obsidian statue] (12)]
 12301 | Gauntlet | HP: 1/99 [poisoned by an orange demon]
 12301 | Gauntlet | Mangled by a sixfirhy

Levels and vault maps discovered:
D:1:      onia_arrival_zoo_common, layout_basic
D:2:      layout_loops_ring, chequers_ecumenical_altar_simple_redux,
          first_ration
D:3:      layout_loops_ring, gammafunk_temple_overflow_elements,
          minmay_splitting_lines
D:4:      layout_gridville
D:5:      layout_cave_pools, lemuel_crystal_altar, lemuel_round_altar,
          minmay_temple_entry_junction, serial_shops, nicolae_shop_stone,
          basic_altar, uniq_ijyb, uniq_eustachio
D:6:      layout_gridville, lemuel_crystal_altar, kennysheep_mini_moat,
          basic_altar, serial_shops, shop_statue
D:7:      layout_basic, uniq_harold
D:8:      layout_gridville, hangedman_ru_absence,
          lemuel_zombie_altar_kikubaaqudgha, serial_shops, shop_scrolls,
          nicolae_ossuary_entry_ruins, uniq_maurice, uniq_psyche, uniq_joseph
D:9:      layout_gridville, hangedman_ranch [blue_anna_fruit_fields]
D:10:     layout_roguey, dpeg_oklobed_lair
D:11:     layout_small_grid, serial_shops, shop
D:12:     slaughterhouse, layout_basic, david_orc_3, serial_shops, shop,
          gauntlet_entry_generic
Temple:   minmay_temple_curvy_branch
Gauntlet: gammafunk_gauntlet_shortcut [gammafunk_gauntlet_arena_hedges,
          gammafunk_gauntlet_arena_grid, nicolae_gauntlet_arena_blocks,
          nicolae_gauntlet_arena_grate_2, gammafunk_gauntlet_arena_crates,
          gammafunk_gauntlet_arena_spirals, gauntlet_exit_green]

Skill      XL: |  1  2  3  4  5  6  7  8  9 10 11 12 |
---------------+-------------------------------------+-----
Shields        | 4 5 6 7 8 10 11 | 11.4
Fighting       | 4 5 6 7 8 10 11 | 11.4
Armour         | 4 5 6 7 8 10 11 | 11.5
Maces & Flails | 3 4 5 6 |  6.5
Invocations    | 4 |  4.3
Axes           | 1 6 9 11 12 | 12.2
Transmutations | |  0.2

Action                   |  1- 3 |  4- 6 |  7- 9 | 10-12 || total
-------------------------+-------+-------+-------+-------++-------
Melee: Flail             |    91 |   124 |   125 |    11 ||   351
       Headbutt          |    14 |    23 |    44 |   113 ||   194
       War axe           |       |       |   138 |   492 ||   630
Invok: Ancestor Identity |     1 |       |       |       ||     1
       Ancestor Life: He |       |     1 |       |       ||     1
       Recall Ancestor   |       |     1 |     2 |     1 ||     4
Evoke: Wand              |       |     1 |       |       ||     1
  Use: Scroll            |       |     4 |     6 |    10 ||    20
       Potion            |       |       |       |     2 ||     2
 Stab: Distracted        |       |     2 |     1 |     2 ||     5
       Confused          |       |       |     1 |     3 ||     4
       Sleeping          |       |       |       |     4 ||     4
  Eat: Ration            |     1 |     1 |       |     4 ||     6
       Chunk             |       |     4 |     7 |     7 ||    18
Armor: Scale mail        |    32 |    37 |       |       ||    69
       Ring mail         |       |     8 |   127 |    77 ||   212
       Plate armour      |       |       |       |   101 ||   101
Dodge: Dodged            |    20 |    41 |    87 |    99 ||   247
Block: Kite shield       |    46 |    85 |   305 |   482 ||   918
       Reflection        |       |     6 |    23 |    18 ||    47

Table legend:
 A = Non-vault XP
 B = Vault XP
 C = Vault XP percentage of total XP
 D = Non-vault monster count
 E = Vault monster count
 F = Vault count percentage of total count
                 A         B        C        D         E       F
            +---------+---------+-------+---------+---------+-------
      Total |   18818 |    6638 |  26.1 |     285 |      69 |  19.5
            +---------+---------+-------+---------+---------+-------
        D:1 |      32 |       0 |   0.0 |      16 |       0 |   0.0
        D:2 |      38 |       0 |   0.0 |      13 |       0 |   0.0
        D:3 |     246 |       0 |   0.0 |      40 |       0 |   0.0
        D:4 |     173 |       0 |   0.0 |      19 |       0 |   0.0
        D:5 |     847 |     235 |  21.7 |      24 |       2 |   7.7
        D:6 |    1880 |       0 |   0.0 |      32 |       0 |   0.0
        D:7 |    1158 |     992 |  46.1 |      32 |       1 |   3.0
        D:8 |    2893 |    1315 |  31.2 |      30 |      11 |  26.8
        D:9 |    1242 |    2142 |  63.3 |      17 |       8 |  32.0
       D:10 |    1589 |    1047 |  39.7 |      14 |       2 |  12.5
       D:11 |    2329 |       0 |   0.0 |      25 |       0 |   0.0
       D:12 |    3147 |     554 |  15.0 |      20 |       8 |  28.6
    Abyss:1 |    3244 |       0 |   0.0 |       3 |       0 |   0.0
    Ossuary |       0 |     353 | 100.0 |       0 |      37 | 100.0
            +---------+---------+-------+---------+---------+-------
